BSA
VISTA PANTHERS @ ST. LOUIS BROWNS
06/12/2024
 
TOP OF THE 1ST
Vista Panthers batting - Pitching for St. Louis Browns : RHP Armando Avilés
Pitching: RHP Armando Avilés
Batting: LHB Harry Pitts 0-0: Called Strike
0-1: Ground out 4-3 (Groundball, 4M)
Batting: RHB Wilson López 0-0: Ball
1-0: Called Strike
1-1: Ball
2-1: Foul Ball, location: 2F
2-2: Foul Ball, location: 2F
2-2: Ball
3-2: SOLO HOME RUN (Flyball, 78XD), Distance : 413 ft
Pitching: RHP Ramón Silva
Batting: RHB Roberto Cruz 0-0: Swinging Strike
0-1: Ball
1-1: Foul Ball, location: 2F
1-2: Ground out 5-3 (Groundball, 56)
Batting: RHB John Mendelson 0-0: Ball
1-0: Ball
2-0: Ball
3-0: Called Strike
3-1: Foul Ball, location: 2F
3-2: Strikes out swinging
Top of the 1st over - 1 run(s), 1 hit(s), 0 error(s), 0 left on base; Vista 1 - St. Louis 0
BOTTOM OF THE 1ST
St. Louis Browns batting - Pitching for Vista Panthers : RHP Cristóbal Santos
Pitching: RHP Cristóbal Santos
Batting: LHB Joe Sanders 0-0: Ball
1-0: Fly out, F8 (Flyball, 8LM)
Batting: LHB Héctor Núñez 0-0: Ball
1-0: Called Strike
1-1: SINGLE (Line Drive, 7S)
Batting: LHB Mike Hill 0-0: Ball
1-0: Foul Ball, location: 2F
1-1: SINGLE (Line Drive, 6D)
Héctor Núñez to second
Batting: LHB Mario García 0-0: Foul Ball, location: 2F
0-1: Ball
1-1: Ball
2-1: Foul Ball, location: 2F
2-2: Ground out 4-3 (Groundball, 4M)
Héctor Núñez to third
Mike Hill to second
Batting: LHB Jorge Torres 0-0: Called Strike
0-1: Swinging Strike
0-2: Fly out, F9 (Flyball, 89M)
Bottom of the 1st over - 0 run(s), 2 hit(s), 0 error(s), 2 left on base; Vista 1 - St. Louis 0
TOP OF THE 2ND
Vista Panthers batting - Pitching for St. Louis Browns : RHP Ramón Silva
Batting: LHB Pablo Rivas 0-0: Foul Ball, location: 2F
0-1: Fly out, F8 (Flyball, 8RXD)
Batting: LHB Jesús González 0-0: Called Strike
0-1: Reached on error, E1 (Groundball, 15)
Batting: RHB Andrew Good 0-0: Ball
1-0: Called Strike
1-1: Foul Ball, location: 2F
1-2: Ball
2-2: Ball
3-2: Grounds into double play, 6-4-3 (Groundball, 6)
Top of the 2nd over - 0 run(s), 0 hit(s), 1 error(s), 0 left on base; Vista 1 - St. Louis 0
BOTTOM OF THE 2ND
St. Louis Browns batting - Pitching for Vista Panthers : RHP Cristóbal Santos
Batting: RHB Mario Rosales 0-0: Called Strike
0-1: Ball
1-1: Ball
2-1: Ground out 6-3 (Groundball, 6)
Batting: LHB Clinton Clark 0-0: Ball
1-0: Foul Ball, location: 2F
1-1: Fly out, F8 (Flyball, 78D)
Batting: LHB Víctor Hernández 0-0: Ball
1-0: Ball
2-0: Called Strike
2-1: Ball
3-1: Foul Ball, location: 2F
3-2: Strikes out swinging
Bottom of the 2nd over - 0 run(s), 0 hit(s), 0 error(s), 0 left on base; Vista 1 - St. Louis 0
TOP OF THE 3RD
Vista Panthers batting - Pitching for St. Louis Browns : RHP Ramón Silva
Batting: RHB Javier Deleón 0-0: Ball
1-0: Called Strike
1-1: Called Strike
1-2: Foul Ball, location: 2F
1-2: Ball
2-2: Strikes out swinging
Batting: RHB Salvador Salas 0-0: Ground out 5-3 (Groundball, 5S)
Batting: LHB Harry Pitts 0-0: Called Strike
0-1: Foul Ball, location: 2F
0-2: Ball
1-2: Ground out 4-3 (Groundball, 34)
Top of the 3rd over - 0 run(s), 0 hit(s), 0 error(s), 0 left on base; Vista 1 - St. Louis 0
BOTTOM OF THE 3RD
St. Louis Browns batting - Pitching for Vista Panthers : RHP Cristóbal Santos
Batting: RHB Will Brown 0-0: Ball
1-0: Foul Ball, location: 2F
1-1: Ball
2-1: Foul Ball, location: 2F
2-2: Fly out, F9 (Flyball, 89XD)
Batting: LHB Joe Sanders 0-0: Swinging Strike
0-1: Ball
1-1: Foul Ball, location: 2F
1-2: Ball
2-2: Ball
3-2: Fly out, F8 (Flyball, 8LM)
Batting: LHB Héctor Núñez 0-0: Ball
1-0: Swinging Strike
1-1: SINGLE (Line Drive, 34)
Batting: LHB Mike Hill 0-0: Ball
1-0: Swinging Strike
1-1: Reached on error, E3 (Groundball, 3)
Héctor Núñez to second
Batting: LHB Mario García 0-0: Ball
1-0: Ball
2-0: Called Strike
2-1: Ball
3-1: Base on Balls
Héctor Núñez to third
Mike Hill to second
Batting: LHB Jorge Torres 0-0: Foul Ball, location: 2F
0-1: Ball
1-1: Ground out U3 (Groundball, 3S)
Bottom of the 3rd over - 0 run(s), 1 hit(s), 1 error(s), 3 left on base; Vista 1 - St. Louis 0
TOP OF THE 4TH
Vista Panthers batting - Pitching for St. Louis Browns : RHP Ramón Silva
Batting: RHB Wilson López 0-0: Ball
1-0: Ground out 4-3 (Groundball, 34)
Pitching: RHP António Ojeda
Batting: RHB Roberto Cruz 0-0: Ball
1-0: Foul Ball, location: 2F
1-1: Ball
2-1: Foul Ball, location: 2F
2-2: Ball
3-2: Ground out 5-3 (Groundball, 5S)
Batting: RHB John Mendelson 0-0: Called Strike
0-1: Foul Ball, location: 2F
0-2: Foul Ball, location: 2F
0-2: Ball
1-2: Strikes out swinging
Top of the 4th over - 0 run(s), 0 hit(s), 0 error(s), 0 left on base; Vista 1 - St. Louis 0
BOTTOM OF THE 4TH
St. Louis Browns batting - Pitching for Vista Panthers : RHP Cristóbal Santos
Batting: RHB Mario Rosales 0-0: Called Strike
0-1: Fly out, F8 (Flyball, 8LM)
Batting: LHB Clinton Clark 0-0: Ground out U3 (Groundball, 3L)
Batting: LHB Víctor Hernández 0-0: Called Strike
0-1: Ball
1-1: TRIPLE (Flyball, 8LXD)
Batting: RHB Will Brown 0-0: Ball
1-0: 2-RUN HOME RUN (Flyball, 8RXD), Distance : 420 ft
Batting: LHB Joe Sanders 0-0: Called Strike
0-1: Swinging Strike
0-2: Ball
1-2: Ball
2-2: Ball
3-2: Ground out 4-3 (Groundball, 4M)
Bottom of the 4th over - 2 run(s), 2 hit(s), 0 error(s), 0 left on base; Vista 1 - St. Louis 2
TOP OF THE 5TH
Vista Panthers batting - Pitching for St. Louis Browns : RHP António Ojeda
Batting: LHB Pablo Rivas 0-0: Ball
1-0: Swinging Strike
1-1: Fly out, F8 (Flyball, 8LM)
Batting: LHB Jesús González 0-0: Ball
1-0: Ball
2-0: Swinging Strike
2-1: Foul Ball, location: 2F
2-2: Strikes out swinging
Batting: RHB Andrew Good 0-0: SINGLE (Groundball, 4M)
Pitching: RHP Beau Brown
Batting: RHB Javier Deleón 0-0: Ball
1-0: Foul Ball, location: 2F
1-1: Swinging Strike
1-2: Strikes out looking
Top of the 5th over - 0 run(s), 1 hit(s), 0 error(s), 1 left on base; Vista 1 - St. Louis 2
BOTTOM OF THE 5TH
St. Louis Browns batting - Pitching for Vista Panthers : RHP Cristóbal Santos
Batting: LHB Héctor Núñez 0-0: Foul Ball, location: 2F
0-1: Ball
1-1: Ground out 1-3 (Groundball, 13)
Batting: LHB Mike Hill 0-0: Ball
1-0: Called Strike
1-1: Ball
2-1: Foul Ball, location: 2F
2-2: Foul Ball, location: 2F
2-2: Ball
3-2: Foul Ball, location: 2F
3-2: Foul Ball, location: 2F
3-2: SINGLE (Groundball, 6MD) (infield hit)
Batting: LHB Mario García 0-0: Ball
1-0: Ball
2-0: Grounds into double play, 4-6-3 (Groundball, 4)
Bottom of the 5th over - 0 run(s), 1 hit(s), 0 error(s), 0 left on base; Vista 1 - St. Louis 2
TOP OF THE 6TH
Vista Panthers batting - Pitching for St. Louis Browns : RHP Beau Brown
Batting: RHB Salvador Salas 0-0: Called Strike
0-1: Ball
1-1: Swinging Strike
1-2: Strikes out looking
Batting: LHB Harry Pitts 0-0: Ball
1-0: Called Strike
1-1: Called Strike
1-2: Ball
2-2: Ball
3-2: Strikes out swinging
Batting: RHB Wilson López 0-0: Ball
1-0: Foul Ball, location: 2F
1-1: Foul Ball, location: 2F
1-2: Ground out 4-3 (Groundball, 34)
Top of the 6th over - 0 run(s), 0 hit(s), 0 error(s), 0 left on base; Vista 1 - St. Louis 2
BOTTOM OF THE 6TH
St. Louis Browns batting - Pitching for Vista Panthers : RHP Cristóbal Santos
Pitching: LHP Jung-keun Yi
Batting: LHB Jorge Torres 0-0: Foul Ball, location: 2F
0-1: SINGLE (Line Drive, 4MD)
Batting: RHB Mario Rosales 0-0: 2-RUN HOME RUN (Flyball, 78XD), Distance : 416 ft
Batting: LHB Clinton Clark 0-0: Called Strike
0-1: Swinging Strike
0-2: Strikes out swinging
Batting: LHB Víctor Hernández 0-0: Swinging Strike
0-1: Ball
1-1: Fly out, F8 (Flyball, 8LD)
Batting: RHB Will Brown 0-0: Ball
1-0: Ball
2-0: Fly out, F8 (Flyball, 78XD)
Bottom of the 6th over - 2 run(s), 2 hit(s), 0 error(s), 0 left on base; Vista 1 - St. Louis 4
TOP OF THE 7TH
Vista Panthers batting - Pitching for St. Louis Browns : RHP Beau Brown
Batting: RHB Roberto Cruz 0-0: Foul Ball, location: 2F
0-1: Ball
1-1: Called Strike
1-2: Strikes out swinging
Batting: RHB John Mendelson 0-0: Called Strike
0-1: Ball
1-1: Swinging Strike
1-2: Strikes out swinging
Batting: LHB Pablo Rivas 0-0: Swinging Strike
0-1: Foul Ball, location: 2F
0-2: DOUBLE (Line Drive, 9LD)
Batting: LHB Jesús González 0-0: Swinging Strike
0-1: Swinging Strike
0-2: Ball
1-2: Ball
2-2: Strikes out looking
Top of the 7th over - 0 run(s), 1 hit(s), 0 error(s), 1 left on base; Vista 1 - St. Louis 4
BOTTOM OF THE 7TH
St. Louis Browns batting - Pitching for Vista Panthers : LHP Jung-keun Yi
Batting: LHB Joe Sanders 0-0: Called Strike
0-1: Called Strike
0-2: Strikes out swinging
Batting: LHB Héctor Núñez 0-0: Ball
1-0: Ball
2-0: Foul Ball, location: 2F
2-1: Foul Ball, location: 2F
2-2: Foul Ball, location: 2F
2-2: Ball
3-2: Foul Ball, location: 2F
3-2: Foul Ball, location: 2F
3-2: Foul Ball, location: 2F
3-2: SINGLE (Flyball, 78S)
Batting: LHB Mike Hill 0-0: SINGLE (Groundball, 34D) (infield hit)
Héctor Núñez to second
Pinch Runner at 1st Arturo Rodríguez:
Batting: LHB Mario García 0-0: Ball
1-0: Ball
2-0: Swinging Strike
2-1: Fly out, F8 (Flyball, 8LM)
Batting: LHB Jorge Torres 0-0: Called Strike
0-1: Swinging Strike
0-2: Ball
1-2: Ball
2-2: Strikes out looking
Bottom of the 7th over - 0 run(s), 2 hit(s), 0 error(s), 2 left on base; Vista 1 - St. Louis 4
TOP OF THE 8TH
Vista Panthers batting - Pitching for St. Louis Browns : RHP Beau Brown
Pitching: RHP Mitsunari Taguchi
Batting: RHB Andrew Good 0-0: Called Strike
0-1: Ball
1-1: Ball
2-1: Ball
3-1: Foul Ball, location: 2F
3-2: Base on Balls
Batting: RHB Javier Deleón 0-0: Ball
1-0: Called Strike
1-1: Ball
2-1: Called Strike
2-2: Foul Ball, location: 2F
2-2: Ball
3-2: Strikes out swinging
Batting: RHB Salvador Salas 0-0: Ball
1-0: Called Strike
1-1: Foul Ball, location: 2F
1-2: Foul Ball, location: 2F
1-2: Ball
2-2: Strikes out swinging
Batting: LHB Harry Pitts 0-0: Swinging Strike
0-1: Called Strike
0-2: Strikes out looking
Top of the 8th over - 0 run(s), 0 hit(s), 0 error(s), 1 left on base; Vista 1 - St. Louis 4
BOTTOM OF THE 8TH
St. Louis Browns batting - Pitching for Vista Panthers : LHP Jung-keun Yi
Pitching: RHP Juan Flores
Batting: RHB Mario Rosales 0-0: Ball
1-0: Called Strike
1-1: Ball
2-1: Ball
3-1: Base on Balls
Batting: LHB Clinton Clark 0-0: Ball
Mario Rosales is caught stealing 2nd base
1-0: Fly out, F9 (Flyball, 89S)
Batting: LHB Víctor Hernández 0-0: Ground out 5-3 (Groundball, 5L)
Bottom of the 8th over - 0 run(s), 0 hit(s), 0 error(s), 0 left on base; Vista 1 - St. Louis 4
TOP OF THE 9TH
Vista Panthers batting - Pitching for St. Louis Browns : RHP Mitsunari Taguchi
Pitching: LHP Brent Miller
Batting: RHB Wilson López 0-0: Foul Ball, location: 2F
0-1: Ball
1-1: Called Strike
1-2: Ball
2-2: Ball
3-2: Ground out 5-3 (Groundball, 5)
Batting: RHB Roberto Cruz 0-0: Foul Ball, location: 2F
0-1: DOUBLE (Groundball, 5L)
Batting: RHB John Mendelson 0-0: Called Strike
0-1: Foul Ball, location: 2F
0-2: Strikes out looking
Batting: LHB Pablo Rivas 0-0: Ball
1-0: Called Strike
1-1: Foul Ball, location: 2F
1-2: Strikes out looking
Top of the 9th over - 0 run(s), 1 hit(s), 0 error(s), 1 left on base; Vista 1 - St. Louis 4
This league is powered by Out of the Park Baseball, the baseball management simulation game for PC, Mac and Linux
Saturday, April 9th, 2016 - OOTP Baseball 16.8 Build 38